 Dungeon Crawl Stone Soup version 0.19-a0-1834-g6b7851e (webtiles) character file.

4267 graki42 the Slicer (level 10, 0/69 HPs)
             Began as a Halfling Berserker on Oct 7, 2016.
             Was a High Priest of Trog.
             Slain by a troll (10 damage)
             ... on level 9 of the Dungeon on Oct 9, 2016.
             The game lasted 00:26:11 (7386 turns).

graki42 the Slicer (Halfling Berserker)             Turns: 7386, Time: 00:26:12

Health: 0/69       AC: 10    Str: 18    XL:     10   Next: 56%
Magic:  10/10      EV: 19    Int:  5    God:    Trog [*****.]
Gold:   453        SH:  0    Dex: 18    Spells: 0 memorised, 9 levels left

rFire  . . .     SeeInvis .     C - +1 dagger (venom)
rCold  . . .     Gourm    .     m - +0 ring mail
rNeg   . . .     Faith    .     (shield restricted)
rPois  +         Spirit   .     (no helmet)
rElec  .         Dismiss  .     (no cloak)
rCorr  .         Reflect  .     o - +2 pair of gloves
MR     ++...     Harm     .     (no boots)
Stlth  +.........               (no amulet)
                                j - ring of poison resistance
                                k - ring of loudness (curse)

@: exhausted, regenerating, slowed, very slow
A: mutation resistance 1
a: Berserk, Trog's Hand, Brothers in Arms, Burn Spellbooks, Renounce Religion


You were on level 9 of the Dungeon.
You worshipped Trog.
Trog was extremely pleased with you.
You were near starving.

You visited 1 branch of the dungeon, and saw 9 of its levels.

You collected 453 gold pieces.

Inventory:

Hand Weapons
 C - a +1 dagger of venom (weapon)
 F - a +0 falchion of flaming
Missiles
 s - 2 throwing nets (quivered)
Armour
 m - a +0 ring mail (worn)
 o - a +2 pair of gloves (worn)
Jewellery
 a - an uncursed amulet of the gourmand {unknown}
 h - a +3 ring of evasion
 j - a ring of poison resistance (right hand)
 k - a cursed ring of loudness (left hand)
 B - a cursed -3 ring of dexterity
Wands
 b - a wand of flame (25/48)
 r - a wand of teleportation (3/9)
 E - a wand of confusion (17/48)
Scrolls
 l - 3 scrolls of magic mapping {unknown}
 q - a scroll of enchant weapon {unknown}
 t - a scroll of enchant armour {unknown}
 w - 2 scrolls of random uselessness {unknown}
 x - 5 scrolls of identify
 y - a scroll of blinking {unknown}
 A - a scroll of fear {unknown}
Potions
 d - 2 potions of haste {unknown}
 e - 2 potions of lignification
 g - 4 potions of curing
 i - a potion of beneficial mutation {unknown}
 n - a potion of agility
 p - a potion of flight {unknown}
 u - a potion of magic {unknown}
 v - a potion of cancellation {unknown}
 D - a potion of degeneration {unknown}
Comestibles
 c - 5 bread rations
 f - 4 meat rations
 z - 2 beef jerkies
 G - 11 fruits
 H - 6 slices of pizza


   Skills:
 + Level 6.5 Fighting
 + Level 10.8 Short Blades
 + Level 7.9 Armour
 + Level 7.6 Dodging
 - Level 3.0 Stealth


You had 9 spell levels left.
You didn't know any spells.

Dungeon Overview and Level Annotations

Branches:
Dungeon (9/15)             Temple (0/1) D:6            Lair (0/6) D:8
    Orc: D:9-12

Altars:
Cheibriados
Gozag
Hepliaklqana
Kikubaaqudgha
Qazlal

Shops:
D:5 (


Innate Abilities, Weirdness & Mutations

You are small and have problems with some larger weapons.
You are somewhat resistant to further mutation.


Message History

* * * LOW HITPOINT WARNING * * *
Unknown command.
You hit the troll.
The troll is poisoned.
The troll is moderately wounded.
You feel a strong urge to attack something.
You are no longer berserk.
You are exhausted.
You feel yourself slow down.
Things that are here:
a short sword; a dream sheep corpse You hit the troll but do no damage.
The troll is moderately wounded.
You hit the troll but do no damage.
The troll looks as sick as possible!
The troll is moderately wounded.
The troll closely misses you. The troll misses you.
The troll claws you but does no damage.
You hit the troll.
The troll looks as sick as possible!
The troll is heavily wounded.
The troll completely misses you. The troll claws you!
You die...

#......# #......# . #### #......#
... .. . #......####..# #.# .
##......#...W# ### ..##.
(......§..# #.# #.##..
.#......####### ####.#####..##.#
..............####))...##...###.#
##......#####..T@.)).......##....
#####... #####..#####.#..[..#.
#.... ##.## #......##. #.... #..#
#.........##.
#.....#####.####..........#.
......#PP≈.≈.≈.#...#......#. #..
#P≈......#.....#......
#≈≈P.....#....##...#>.
#P≈≈..P..#.... .......


You could see a troll.

Vanquished Creatures
  A hydra (D:9)
  A komodo dragon (D:8)
  2 dream sheep (D:9)
  A hippogriff (D:8)
  2 yaks (D:9)
  Menkaure (D:6)
  A phantom (D:3)
  3 orc warriors
  An ice beast (D:9)
  A centaur (D:5)
  Blork the orc (D:5)
  4 big kobolds
  A bullfrog (D:8)
  3 scorpions
  A water moccasin skeleton (D:8)
  3 killer bees (D:5)
  3 wights (D:8)
  2 vampire bats (D:5)
  A crimson imp (D:6)
  5 hounds
  3 orc priests
  A bullfrog skeleton (D:5)
  2 quasits
  5 orc wizards
  Jessica (D:3)
  3 worker ants
  5 gnolls (D:3)
  13 adders
  An ooze (D:3)
  3 worms
  3 dart slugs
  4 leopard geckos
  13 orcs
  3 ball pythons
  6 giant cockroaches
  6 hobgoblins
  22 jackals
  6 quokkas
  17 bats
  10 frilled lizards
  9 goblins
  14 kobolds
  A quokka zombie (D:8)
  5 rats
194 creatures vanquished.

Vanquished Creatures (others)
  A plant (D:8)
1 creature vanquished.

Grand Total: 195 creatures vanquished

Notes
Turn   | Place    | Note
-------+----------+-------------------------------------------
     0 | D:1      | graki42 the Halfling Berserker began the quest for the Orb.
     0 | D:1      | Reached XP level 1. HP: 15/15 MP: 1/1
    29 | D:1      | Upgraded the game from 0.19-a0-1827-g174f941 to 0.19-a0-1834-g6b7851e
   138 | D:1      | Reached XP level 2. HP: 19/20 MP: 2/2
   225 | D:1      | Reached skill level 4 in Short Blades
   361 | D:1      | Reached XP level 3. HP: 23/26 MP: 3/3
   595 | D:2      | Reached ** piety under Trog
   668 | D:2      | Reached XP level 4. HP: 29/31 MP: 4/4
   788 | D:2      | Reached skill level 5 in Short Blades
  1397 | D:3      | HP: 1/31 [gnoll/club (10)]
  1399 | D:3      | Reached XP level 5. HP: 1/36 MP: 5/5
  1883 | D:3      | Reached *** piety under Trog
  2064 | D:3      | Noticed Jessica
  2073 | D:3      | Killed Jessica
  2073 | D:3      | Reached XP level 6. HP: 42/42 MP: 6/6
  2104 | D:3      | Reached skill level 1 in Stealth
  2571 | D:3      | Noticed a phantom
  2599 | D:3      | Killed a phantom
  2599 | D:3      | Reached skill level 6 in Short Blades
  2740 | D:3      | Reached XP level 7. HP: 45/46 MP: 7/7
  3494 | D:5      | Entered Level 5 of the Dungeon
  3522 | D:5      | Reached skill level 5 in Dodging
  3538 | D:5      | Reached XP level 8. HP: 9/54 MP: 8/8
  4096 | D:5      | Reached skill level 7 in Short Blades
  4289 | D:5      | Noticed Blork the orc
  4306 | D:5      | Killed Blork the orc
  4306 | D:5      | Reached **** piety under Trog
  4403 | D:5      | Found Irarem's Antique Weapon Shoppe.
  4743 | D:6      | Noticed Menkaure
  4750 | D:6      | Killed Menkaure
  4820 | D:6      | Found a staircase to the Ecumenical Temple.
  5395 | D:7      | Reached skill level 8 in Short Blades
  5395 | D:7      | Reached skill level 5 in Armour
  5445 | D:7      | Found a stormy altar of Qazlal.
  5529 | D:7      | Reached XP level 9. HP: 59/59 MP: 9/9
  6140 | D:7      | Found a snail-covered altar of Cheibriados.
  6278 | D:8      | Found an opulent altar of Gozag.
  6394 | D:8      | Found a hazy altar of Hepliaklqana.
  6399 | D:8      | Found an ancient bone altar of Kikubaaqudgha.
  6531 | D:8      | Reached skill level 5 in Fighting
  6531 | D:8      | Reached skill level 9 in Short Blades
  6606 | D:8      | Found a staircase to the Lair.
  6607 | D:8      | Noticed a komodo dragon
  6627 | D:8      | Killed a komodo dragon
  6673 | D:8      | Noticed a hippogriff
  6686 | D:8      | Killed a hippogriff
  6792 | D:8      | Reached ***** piety under Trog
  7189 | D:9      | Reached XP level 10. HP: 41/68 MP: 10/10
  7246 | D:9      | Reached skill level 10 in Short Blades
  7303 | D:9      | Noticed a three-headed hydra
  7315 | D:9      | Killed a three-headed hydra
  7378 | D:9      | HP: 5/103 [troll (16)]
  7386 | D:9      | Slain by a troll

Vault maps used:
D:1:      co_arrival_random_square_maze
D:2:      serial_curves, eino_curves_02, eino_curves_04
D:3:      minmay_diamond_boxcup, first_bread, minmay_misc_feat_alley,
          uniq_jessica
D:5:      serial_shops, shop, minmay_guarded_unrand_vampires_tooth,
          uniq_blork_the_orc
D:6:      st_stairs_7, uniq_menkaure
D:7:      minitemple
D:8:      minmay_overflow_temple_star_quad, david_lair_shrubbed
D:9:      hangedman_ranch, uniq_joseph

Skill      XL: |  1  2  3  4  5  6  7  8  9 10 |
---------------+-------------------------------+-----
Short Blades   | 4 5 6 8 9 10 | 10.8
Fighting       | 3 4 5 6 |  6.5
Dodging        | 3 4 5 7 |  7.6
Stealth        | 2 3 |  3.0
Armour         | 3 5 7 |  7.9

Action                   |  1- 3 |  4- 6 |  7- 9 | 10-12 || total
-------------------------+-------+-------+-------+-------++-------
Melee: Short sword       |    95 |   259 |   109 |       ||   463
       Dagger            |       |       |   396 |    75 ||   471
       Rapier            |       |       |    38 |       ||    38
Invok: Berserk           |     1 |     7 |    12 |     3 ||    23
       Trog's Hand       |       |       |     1 |     2 ||     3
  Use: Scroll            |       |     6 |     1 |       ||     7
       Potion            |       |     1 |       |       ||     1
 Stab: Sleeping          |     1 |     4 |       |       ||     5
       Distracted        |       |     1 |       |       ||     1
  Eat: Chunk             |       |    13 |    16 |     3 ||    32
       Fruit             |       |       |     2 |     1 ||     3
       Beef jerky        |       |       |     2 |       ||     2
       Pizza             |       |       |     2 |       ||     2
       Meat ration       |       |       |     1 |       ||     1
Armor: Animal skin       |    16 |    19 |       |       ||    35
       Ring mail         |       |    26 |   107 |     8 ||   141
Dodge: Dodged            |    93 |   161 |   338 |    33 ||   625
